 Dungeon Crawl Stone Soup version 0.16-a0-1333-g4c30825 (webtiles) character file.

2219 fransbal the Insei (level 9, -1/56 HPs)
             Began as a Tengu Monk on Aug 6, 2014.
             Was a Believer of Vehumet.
             Slain by a killer bee (3 damage)
             ... on level 8 of the Dungeon on Oct 16, 2014.
             The game lasted 00:35:49 (7760 turns).

fransbal the Insei (Tengu Monk)                     Turns: 7760, Time: 00:35:49

Health: -1/56      AC:  7    Str: 17    XL:     9   Next: 35%
Magic:  15/24      EV: 23    Int: 13    God:    Vehumet [**....]
Gold:   439        SH:  0    Dex: 22    Spells: 1 memorised, 9 levels left

rFire  . . .     SeeInvis .     t - +10 short sword of Disembowelment {slice, *Tele rElec}
rCold  + . .     Clarity  .     D - +3 leather armour {MR+}
rNeg   . . .     SustAb   .     (no shield)
rPois  .         Gourm    .     (helmet restricted)
rElec  +         Spirit   .     (no cloak)
rCorr  .         Warding  .     w - +0 pair of gloves
rMut   .         Rnd*Tele +     (boots unavailable)
MR     +....                    (no amulet)
Stlth  +++.......               d - ring of protection from cold
                                A - ring of magical power

@: mighty, agile, lethally poisoned, very slightly contaminated, somewhat
resistant to hostile enchantments, fairly stealthy
A: able to fly, beak, talons 3
a: Fly, Renounce Religion


You were on level 8 of the Dungeon.
You worshipped Vehumet.
Vehumet was pleased with you.
You were hungry.

You visited 2 branches of the dungeon, and saw 9 of its levels.

You collected 439 gold pieces.


Innate Abilities, Weirdness & Mutations

You can fly.
You have a beak for a mouth.
You have claws for feet.


   Skills:
 - Level 6.4 Fighting
 - Level 7.4 Dodging
 - Level 2.0 Stealth
 - Level 7.6 Unarmed Combat
 - Level 1.2 Spellcasting
 + Level 5.7 Ice Magic


You had 9 spell levels left.
You knew the following spells:

 Your Spells              Type           Power        Failure   Level  Hunger
a - Freeze                Ice            ###.         2%          1    ##.....

Inventory:

Hand weapons
 i - the +15 heavy crossbow "Sniper" {velocity, SInv}
   (You found it on level 4 of the Dungeon)

   Any bolt fired from it inflicts extra damage.
   It enhances your eyesight.
 t - the +10 short sword of Disembowelment (weapon) {slice, *Tele rElec}
   (You found it on level 4 of the Dungeon)

   It inflicts extra damage upon your enemies.
   It insulates you from electricity.
   It causes random teleportation.
 v - a +3 dagger of pain
Missiles
 p - 13 poisoned bolts
Armour
 w - a +0 pair of gloves (worn)
 D - a +3 leather armour of magic resistance (worn)
Jewellery
 d - a ring of protection from cold (right hand)
 f - an uncursed ring of obsoleteness {NEVER DIE <3}
 h - a +1 ring of strength
 m - an uncursed ring of ice
 s - an uncursed ring of protection from cold
 A - a ring of magical power (left hand)
Scrolls
 e - a scroll of blinking
 j - a scroll of enchant armour
 n - 6 scrolls of identify
 B - 2 scrolls of teleportation
 F - 2 scrolls of remove curse
 G - a scroll of recharging
Potions
 g - a potion of degeneration {unknown}
 l - 3 potions of agility
 q - a potion of might
 u - a potion of poison {unknown}
 x - a potion of experience {unknown}
Books
 a - Sif Muna's Guide on Conjuration
   (You found it on level 6 of the Dungeon)

   Spells                             Type                      Level
   Flame Tongue                       Conjuration/Fire             1
Comestibles
 b - 5 bread rations
 c - 5 meat rations
 r - a beef jerky
 C - 3 fruits
 E - 2 rotting chunks of two-headed ogre flesh


Message History

The killer bee is almost dead.
You feel sick. The killer bee closely misses you.
Casting: Freeze
Confirm with . or Enter, or press ? or * to list all spells.
Aiming: Freeze
Press: ? - help, Shift-Dir - straight line, f/p - killer bee
Aim: a killer bee (almost dead)
You freeze the killer bee.
You kill the killer bee!
Vehumet accepts your kill.
You feel your power returning. The killer bee stings you!
* * * LOW HITPOINT WARNING * * *
You are more poisoned.
The killer bee poisons you!
Drink which item? (? for menu, Esc to quit)
You feel very mighty all of a sudden.
It was a potion of might.
* * * LOW HITPOINT WARNING * * *
You feel sick. The killer bee misses you. The killer bee stings you.
You die...

####...##.# .....#......
..%....# . #.........# #...
........#.# ... ~~ ....#.#.#
..##~#y#; ........# #.~~ y~;
........#.#.##########.# ~~~ ~#
........#..$....@yy.#..##~#~~y~
7....#..###.#######.....~~~~#
...# #.##..###~
########.##....##~#
.....................
#....(..(...........
#.#######..##%......
#..####...# #.........#


You could see 2 killer bees.

Vanquished Creatures
  A two-headed ogre (D:8)
  An orc warrior (D:8)
  A sky beast (D:6)
  An ice beast (D:5)
  4 ogres
  A centaur (D:6)
  A giant frog (D:6)
  2 scorpions
  3 killer bees (D:8)
  A yak skeleton (D:8)
  A goliath beetle (D:6)
  An electric eel (D:7)
  3 crimson imps
  A giant frog zombie (D:6)
  2 iguanas
  5 orc priests
  4 orc wizards
  3 worker ants
  A killer bee zombie (D:5)
  Ijyb (D:7)
  Terence (D:3)
  A hound skeleton (D:4)
  4 gnolls (D:5)
  3 giant mites
  13 adders
  2 worms
  2 adder zombies (D:5)
  An orc skeleton (D:6)
  3 giant geckos
  2 oozes
  24 orcs
  A bat skeleton (D:8)
  7 giant cockroaches
  10 goblins
  9 hobgoblins
  12 jackals
  12 kobolds
  15 bats
  A giant gecko zombie (D:5)
  4 giant newts
  A goblin zombie (D:5)
  An orc zombie (D:5)
  3 quokkas
  12 rats
  A rat skeleton (D:5)
183 creatures vanquished.

Vanquished Creatures (others)
  A bat (D:6)
1 creature vanquished.

Grand Total: 184 creatures vanquished

Notes
Turn   | Place    | Note
--------------------------------------------------------------
     0 | D:1      | fransbal, the Tengu Monk, began the quest for the Orb.
     0 | D:1      | Reached XP level 1. HP: 14/14 MP: 1/1
   102 | D:1      | Reached XP level 2. HP: 14/19 MP: 3/3
   691 | D:2      | Reached XP level 3. HP: 16/23 MP: 4/4
   864 | D:2      | Reached XP level 4. HP: 21/28 MP: 5/5
  1072 | D:2      | Reached skill level 5 in Unarmed Combat
  1354 | D:3      | Found a shattered altar of Ashenzari.
  1356 | D:3      | Found an opulent altar of Gozag.
  1356 | D:3      | Found a deep blue altar of Sif Muna.
  1358 | D:3      | Found a glowing golden altar of the Shining One.
  1694 | D:3      | Noticed Terence
  2068 | D:4      | Noticed an ogre
  2074 | D:4      | Killed an ogre
  2074 | D:4      | Reached XP level 5. HP: 33/33 MP: 7/7
  2196 | D:4      | naw fuk that ranged weapon shitttttttttttttt
  2277 | D:4      | Found a stormy altar of Qazlal.
  2445 | D:4      | Reached XP level 6. HP: 25/39 MP: 8/8
  2746 | D:4      | Noticed an ogre
  2755 | D:4      | Killed an ogre
  2755 | D:4      | Reached skill level 6 in Unarmed Combat
  2867 | D:4      | Got a faintly glowing short sword
  2868 | D:4      | Identified the +10 short sword of Disembowelment {slice, *Tele rElec} (You found it on level 4 of the Dungeon)
  2869 | D:4      | FUCK YOU
  3183 | D:5      | Entered Level 5 of the Dungeon
  3301 | D:5      | Reached XP level 7. HP: 22/44 MP: 9/9
  3313 | D:5      | Reached skill level 6 in Dodging
  4015 | D:5      | Found a sparkling altar of Nemelex Xobeh.
  4134 | D:5      | Reached skill level 7 in Unarmed Combat
  4432 | D:5      | Reached XP level 8. HP: 51/51 MP: 11/11
  4627 | D:6      | Reached skill level 6 in Fighting
  4987 | D:6      | Found a staircase to the Ecumenical Temple.
  4997 | Temple   | Entered the Ecumenical Temple
  5034 | Temple   | Became a worshipper of Vehumet
  5034 | Temple   | Acquired Vehumet's first power
  5034 | Temple   | Offered knowledge of Freeze by Vehumet.
  5037 | Temple   | Learned a level 1 spell: Freeze
  5100 | D:6      | Offered knowledge of Shock by Vehumet.
  5165 | D:6      | Reached skill level 1 in Ice Magic
  5218 | D:6      | Found a deep blue altar of Sif Muna.
  5238 | D:6      | Reached skill level 1 in Spellcasting
  5248 | D:6      | Identified Sif Muna's Guide on Conjuration
  5513 | D:6      | Upgraded the game from 0.16-a0-60-g704e011 to 0.16-a0-1333-g4c30825
  5516 | D:6      | best in show is funny as shit
  5639 | D:7      | Found a blossoming altar of Fedhas.
  6106 | D:3      | Killed Terence
  6106 | D:3      | Reached skill level 3 in Ice Magic
  6274 | D:7      | HP: 2/52 [orc warrior/glaive (17)]
  6560 | D:7      | Reached XP level 9. HP: 56/56 MP: 15/15
  6641 | D:7      | Noticed Ijyb
  6656 | D:7      | Killed Ijyb
  6685 | D:7      | Offered knowledge of Stone Arrow by Vehumet.
  6690 | D:7      | Learned a level 3 spell: Stone Arrow
  6720 | D:7      | Noticed Joseph
  7189 | D:8      | Noticed a wandering mushroom
  7267 | D:8      | Noticed a wandering mushroom
  7759 | D:8      | HP: 3/56 [killer bee (9)]
  7760 | D:8      | Slain by a killer bee

Vault maps used:
D:1:      dpeg_arrival_prison
D:2:      minmay_liquid_box
D:3:      grunt_temple_overflow_open, first_bread, uniq_terence
D:4:      grunt_qazlal_clouds
D:5:      kennysheep_mini, hangedman_abyss_or_decor_passed
D:6:      lemuel_temple_firewalk_marked, led_sif_book
D:7:      overflow_temple_1_default, lightli_minifort, uniq_iyjb, uniq_joseph
D:8:      dpeg_lair_monsters, hangedman_tree_tricks, minivault_4,
          grunt_dithmenos_smoke_and_mirrors
Temple:   oiseaux_autumnal_temple_12

Action                   |  1- 3 |  4- 6 |  7- 9 || total
-------------------------+-------+-------+-------++-------
Melee: Unarmed           |   104 |   123 |   148 ||   375
       Dagger            |       |       |    31 ||    31
       Short sword       |       |       |     4 ||     4
 Fire: Triple crossbow   |       |     2 |    16 ||    18
 Cast: Freeze            |       |       |   135 ||   135
 Abil: Fly               |       |       |     1 ||     1
  Use: Scroll            |       |     7 |     6 ||    13
       Potion            |       |     2 |     5 ||     7
 Stab: Sleeping          |     4 |     6 |     3 ||    13
       Distracted        |       |     1 |       ||     1
  Eat: Chunk             |       |     8 |    20 ||    28
